 Dungeon Crawl Stone Soup version 0.16-a0-3159-ge6ac362 (webtiles) character file.

18 oak1780 the Firebug (level 2, 0/20 HPs)
             Began as a Salamander Fire Elementalist on Dec 9, 2014.
             Succumbed to a giant mite's poison
             ... on level 1 of the Dungeon on Dec 15, 2014.
             The game lasted 00:17:47 (2684 turns).

oak1780 the Firebug (Salamander Fire Elementalist)  Turns: 2684, Time: 00:17:47

Health: 0/20       AC:  4    Str:  7    XL:     2   Next: 51%
Magic:  2/5        EV: 12    Int: 15    God:
Gold:   54         SH:  0    Dex: 14    Spells: 2 memorised, 2 levels left

rFire  . . .     SeeInvis .     (no weapon)
rCold  x . .     Clarity  .     a - +0 robe
rNeg   . . .     SustAb   .     (no shield)
rPois  .         Gourm    .     (no helmet)
rElec  .         Spirit   .     (no cloak)
rCorr  .         Warding  .     (no gloves)
rMut   .         Stasis   .     (no barding)
MR     .....                    (no amulet)
Stlth  ++........               (no ring)
                                (no ring)

@: lethally poisoned, very slightly contaminated, very slow, not resistant to
hostile enchantments, unstealthy
A: fiery attack, slowness 2, tough skin 2, cold vulnerability 1
a: no special abilities


You were on level 1 of the Dungeon.
You were hungry.

You visited 1 branch of the dungeon, and saw 3 of its levels.

You collected 54 gold pieces.

Inventory:

Hand weapons
 h - a +1 falchion of flaming
 m - a +0 war axe
 n - a +0 short sword
 o - a +0 short sword
 p - a +0 whip
Missiles
 d - 32 stones (quivered)
 s - 4 javelins
Armour
 a - a +0 robe (worn)
 e - a +0 plate armour
 f - a cursed +0 chain mail
 i - a +0 leather armour
 l - a +0 robe
 r - a +0 leather armour
Magical devices
 g - a wand of digging (12)
Scrolls
 q - a scroll of blinking
Potions
 j - 2 potions of heal wounds {unknown}
Books
 b - a book of Flames

   Spells                             Type                      Level
   a - Flame Tongue                   Conjuration/Fire             1
   b - Throw Flame                    Conjuration/Fire             2
   c - Conjure Flame                  Conjuration/Fire             3
   d - Inner Flame                    Hexes/Fire                   3
   e - Sticky Flame                   Conjuration/Fire             4
   f - Fireball                       Conjuration/Fire             5
Comestibles
 c - a bread ration
 k - a royal jelly


   Skills:
 + Level 0.3 Throwing
 + Level 2.2 Dodging
 + Level 2.2 Stealth
 + Level 2.2 Spellcasting
 + Level 1.3 Conjurations
 + Level 4.7 Fire Magic


You had 2 spell levels left.
You knew the following spells:

 Your Spells              Type           Power        Failure   Level  Hunger
a - Flame Tongue          Conj/Fire      ##...        8%          1    #......
b - Throw Flame           Conj/Fire      ##....       12%         2    ###....


Dungeon Overview and Level Annotations

Branches:
Dungeon (3/15)

Altars:
Ru


Innate Abilities, Weirdness & Mutations

Your melee attacks set your foes ablaze.
You cannot wear boots.
You cover ground very slowly.
You have very tough skin (AC +2).
You are vulnerable to cold.


Message History

As you read the scroll labeled BARCHU CAKY, it crumbles to dust.
You are very lightly contaminated with residual magic.
It was a scroll of blinking.
The rat twitches its whiskers.
A giant cockroach comes into view.
The giant mite bites you.
* * * LOW HITPOINT WARNING * * *
You are poisoned.
The giant mite poisons you!
* * * LOW HITPOINT WARNING * * *
You feel sick. The giant mite bites you.
* * * LOW HITPOINT WARNING * * *
You are more poisoned.
The giant mite poisons you!
The giant mite bites you but does no damage.
* * * LOW HITPOINT WARNING * * *
You feel sick.
You open the door. The giant mite completely misses you.
You die...

. #.... #. ##### .. #.##
########## #... #.......#.
..# #.###+###.# #.#
#.....#.# #.### #.....#.#
. #.@.+ +..<..'.# #. #s###
#.....#.# #. #.r.#
#.....#.# #. ###.#
###+###.# . #. #.#
#.......#. #####.##. #.#
######### #.....##. #.#
........
#.....##.########.#####
#+#####
#...........r.s...........


You could see a giant mite.

Vanquished Creatures
  2 goblins (D:1)
  4 hobgoblins
  2 jackals (D:2)
  5 kobolds
  A ball python (D:2)
  A bat (D:2)
  A giant newt (D:2)
  2 rats (D:2)
18 creatures vanquished.

Notes
Turn   | Place    | Note
--------------------------------------------------------------
     0 | D:1      | oak1780, the Salamander Fire Elementalist, began the quest for the Orb.
     0 | D:1      | Reached XP level 1. HP: 14/14 MP: 3/3
  2115 | D:2      | Reached XP level 2. HP: 20/20 MP: 1/5
  2329 | D:2      | Found a sacrificial altar of Ru.
  2334 | D:2      | Learned a level 2 spell: Throw Flame
  2334 | D:2      | Upgraded the game from 0.16-a0-2040-g47efe85 to 0.16-a0-3159-ge6ac362
  2682 | D:1      | HP: 1/20 [poisoned by a giant mite]
  2684 | D:1      | Succumbed to a giant mite's poison

Action                   || total
-------------------------++-------
Melee: Unarmed           ||     8
Throw: Stone             ||    19
 Cast: Flame Tongue      ||    25
  Use: Scroll            ||     3
  Eat: Meat ration       ||     1
